IL
INDIANAPOLIS INDIANS @ GWINNETT BRAVES
08/08/2049
 
TOP OF THE 1ST
Indianapolis Indians batting - Pitching for Gwinnett Braves : RHP Phil Feldscher
Pitching: RHP Phil Feldscher
Batting: RHB Chris Pozzi 0-0: Ball
1-0: Called Strike
1-1: Ground out 4-3 (Groundball, 34D, EV 108.8 MPH)
Batting: RHB Bubba Tierney 0-0: Ball
1-0: Ball
2-0: Ball
3-0: Called Strike
3-1: Swinging Strike
3-2: Base on Balls
Batting: LHB Phil DeCamp 0-0: SINGLE (Groundball, 4MS, EV 77.5 MPH) (infield hit)
Bubba Tierney to second
Batting: RHB Dave Fredericks 0-0: Ball
1-0: Fielders Choice at 2nd, 5-4 (Groundball, 5S, EV 93.8 MPH)
Bubba Tierney to third
Batting: RHB Hugo Zacarias 0-0: Called Strike
0-1: Ball
1-1: Ball
2-1: Fly out, F4 (Popup, 4, EV 57.5 MPH)
Top of the 1st over - 0 runs, 1 hit, 0 errors, 2 left on base; Indianapolis 0 - Gwinnett 0
BOTTOM OF THE 1ST
Gwinnett Braves batting - Pitching for Indianapolis Indians : LHP John Mandarino
Pitching: LHP John Mandarino
Batting: RHB Jeremy Giesler 0-0: Ball
1-0: Called Strike
1-1: Ball
2-1: Ball
3-1: Base on Balls
Batting: RHB Edgar Castillo 0-0: Foul Ball, location: 2F
0-1: Swinging Strike
0-2: Strikes out looking
Batting: SHB Troy Kenyon 0-0: Called Strike
Jeremy Giesler is caught stealing 2nd base 2-4
0-1: Ball
1-1: Called Strike
1-2: Fly out, F8 (Flyball, 8LD, EV 84.4 MPH)
Bottom of the 1st over - 0 runs, 0 hits, 0 errors, 0 left on base; Indianapolis 0 - Gwinnett 0
TOP OF THE 2ND
Indianapolis Indians batting - Pitching for Gwinnett Braves : RHP Phil Feldscher
Batting: LHB Gregg Kellerman 0-0: Ground out 6-3 (Groundball, 6M, EV 99.4 MPH)
Batting: RHB Hector Barajas 0-0: Foul Ball, location: 2F
0-1: Ball
1-1: Fly out, F8 (Flyball, 89S, EV 89.4 MPH)
Batting: RHB Nick Wicker 0-0: Swinging Strike
0-1: Fly out, F9 (Line Drive, 9, EV 83.1 MPH)
Top of the 2nd over - 0 runs, 0 hits, 0 errors, 0 left on base; Indianapolis 0 - Gwinnett 0
BOTTOM OF THE 2ND
Gwinnett Braves batting - Pitching for Indianapolis Indians : LHP John Mandarino
Batting: SHB Brian Bagley 0-0: Ball
1-0: Ball
2-0: Called Strike
2-1: Called Strike
2-2: Ball
3-2: Reached on error, E6 (Groundball, 6S, EV 89.4 MPH)
Batting: LHB Mark Buchholz 0-0: Called Strike
0-1: Ball
1-1: Called Strike
1-2: Ball
2-2: SINGLE (Groundball, 34, EV 105.6 MPH)
Brian Bagley to second
Runner from 2nd tries for 3rd, SAFE, throw by RF made to third
Batting: RHB Nate Taylor 0-0: Ball
1-0: SINGLE (Groundball, 4D, EV 98.8 MPH)
Brian Bagley scores
Mark Buchholz to second
Batting: LHB Chad Persaud 0-0: Ball
1-0: Foul Ball, location: 2F
1-1: Ball
2-1: Ball
3-1: Swinging Strike
3-2: Foul Ball, location: 2F
3-2: Fly out, F9 (Flyball, 9D, EV 98.8 MPH)
Runner from 2nd tags up, SAFE at 3rd, no throw by RF
Batting: RHB Riley Nasiir 0-0: Ball
Nate Taylor is caught stealing 2nd base 2-4
1-0: Ball
2-0: Ball
3-0: Base on Balls
Batting: RHB Mike Manchester 0-0: Ball
1-0: Foul Ball, location: 2F
1-1: SINGLE (Flyball, 5D, EV 89.4 MPH)
Mark Buchholz scores
Riley Nasiir to second
Batting: RHB Jeremy Giesler 0-0: Ball
1-0: Foul Ball, location: 2F
1-1: Foul Ball, location: 2F
1-2: Ball
2-2: Fly out, F8 (Flyball, 8RM, EV 90.0 MPH)
Bottom of the 2nd over - 2 runs, 3 hits, 1 error, 2 left on base; Indianapolis 0 - Gwinnett 2
TOP OF THE 3RD
Indianapolis Indians batting - Pitching for Gwinnett Braves : RHP Phil Feldscher
Batting: LHB Donald Imre 0-0: Ball
1-0: SINGLE (Line Drive, 34, EV 103.8 MPH)
Batting: RHB Chris Pozzi 0-0: Foul Ball, location: 2F
0-1: Ball
1-1: Ball
2-1: Foul Ball, location: 2F
2-2: Strikes out swinging
Batting: RHB Bubba Tierney 0-0: Ball
1-0: Fielders Choice at 2nd, 4-6 (Groundball, 4, EV 108.8 MPH)
Batting: LHB Phil DeCamp 0-0: Called Strike
Bubba Tierney is caught stealing 2nd base 2-6
Top of the 3rd over - 0 runs, 1 hit, 0 errors, 0 left on base; Indianapolis 0 - Gwinnett 2
BOTTOM OF THE 3RD
Gwinnett Braves batting - Pitching for Indianapolis Indians : LHP John Mandarino
Batting: RHB Edgar Castillo 0-0: Ball
1-0: Called Strike
1-1: Foul Ball, location: 2F
1-2: Strikes out looking
Batting: SHB Troy Kenyon 0-0: Ball
1-0: Swinging Strike
1-1: Called Strike
1-2: SINGLE (Line Drive, 34, EV 99.4 MPH)
Batting: SHB Brian Bagley 0-0: SINGLE (Groundball, 34S, EV 80.6 MPH) (infield hit)
Troy Kenyon to second
Batting: LHB Mark Buchholz 0-0: Ball
1-0: Ball
2-0: Foul Ball, location: 2F
2-1: Called Strike
2-2: Foul Ball, location: 2F
2-2: Foul Ball, location: 2F
2-2: Ball
3-2: Base on Balls
Troy Kenyon to third
Brian Bagley to second
Batting: RHB Nate Taylor 0-0: Foul Ball, location: 2F
0-1: Swinging Strike
0-2: Ball
1-2: Foul Ball, location: 2F
1-2: Ball
2-2: Ball
3-2: Base on Balls
Troy Kenyon scores
Brian Bagley to third
Mark Buchholz to second
Batting: LHB Chad Persaud 0-0: Fielders Choice at 2nd, 5-4 (Groundball, 5, EV 79.4 MPH)
Brian Bagley scores
Mark Buchholz to third
Batting: RHB Riley Nasiir 0-0: Called Strike
0-1: 3-RUN HOME RUN (Flyball, 7LD, EV 93.8 MPH), Distance : 342 ft
Pitching: RHP Shuuhei Watanabe
Batting: RHB Mike Manchester 0-0: Foul Ball, location: 2F
0-1: Ball
1-1: Ball
2-1: Foul Ball, location: 2F
2-2: Ball
3-2: Base on Balls
Batting: RHB Jeremy Giesler 0-0: Ball
1-0: Called Strike
1-1: Fly out, F9 (Flyball, 9, EV 88.1 MPH)
Bottom of the 3rd over - 5 runs, 3 hits, 0 errors, 1 left on base; Indianapolis 0 - Gwinnett 7
TOP OF THE 4TH
Indianapolis Indians batting - Pitching for Gwinnett Braves : RHP Phil Feldscher
Batting: LHB Phil DeCamp 0-0: Swinging Strike
0-1: Called Strike
0-2: Ball
1-2: Ball
2-2: Foul Ball, location: 2F
2-2: Strikes out swinging
Batting: RHB Dave Fredericks 0-0: Ball
1-0: Foul Ball, location: 2F
1-1: Ball
2-1: Ball
3-1: Ground out 6-3 (Groundball, 6, EV 95.6 MPH)
Batting: RHB Hugo Zacarias 0-0: Called Strike
0-1: Fly out, F9 (Flyball, 9LD, EV 89.4 MPH)
Top of the 4th over - 0 runs, 0 hits, 0 errors, 0 left on base; Indianapolis 0 - Gwinnett 7
BOTTOM OF THE 4TH
Gwinnett Braves batting - Pitching for Indianapolis Indians : RHP Shuuhei Watanabe
Batting: RHB Edgar Castillo 0-0: Foul Ball, location: 2F
0-1: Ball
1-1: DOUBLE (Flyball, 8RXD, EV 93.1 MPH)
Batting: SHB Troy Kenyon 0-0: Called Strike
0-1: Ground out 3-1 (Groundball, 3D, EV 104.4 MPH)
Edgar Castillo to third
Batting: SHB Brian Bagley 0-0: Ball
1-0: Foul Ball, location: 2F
1-1: Ball
2-1: Ball
3-1: Base on Balls
Batting: LHB Mark Buchholz 0-0: Called Strike
0-1: Fielders Choice at 2nd, 3-6 (Groundball, 34S, EV 82.5 MPH)
Edgar Castillo scores
Batting: RHB Nate Taylor 0-0: Called Strike
Mark Buchholz steals 2nd base
0-1: Fly out, F8 (Flyball, 8RS, EV 77.5 MPH)
Bottom of the 4th over - 1 run, 1 hit, 0 errors, 1 left on base; Indianapolis 0 - Gwinnett 8
TOP OF THE 5TH
Indianapolis Indians batting - Pitching for Gwinnett Braves : RHP Phil Feldscher
Batting: LHB Gregg Kellerman 0-0: Ball
1-0: Swinging Strike
1-1: Foul Ball, location: 2F
1-2: SINGLE (Groundball, 4MD, EV 100.6 MPH)
Batting: RHB Hector Barajas 0-0: Ball
1-0: Ball
2-0: Fly out, F8 (Flyball, 8RXD, EV 96.9 MPH)
Batting: RHB Nick Wicker 0-0: Ball
1-0: Swinging Strike
1-1: Ball
2-1: Called Strike
2-2: Strikes out swinging
Batting: LHB Donald Imre 0-0: Ball
1-0: Ball
2-0: Called Strike
2-1: Called Strike
2-2: Strikes out looking
Top of the 5th over - 0 runs, 1 hit, 0 errors, 1 left on base; Indianapolis 0 - Gwinnett 8
BOTTOM OF THE 5TH
Gwinnett Braves batting - Pitching for Indianapolis Indians : RHP Shuuhei Watanabe
Batting: LHB Chad Persaud 0-0: Ground out 6-3 (Groundball, 6, EV 83.8 MPH)
Batting: RHB Riley Nasiir 0-0: Ball
1-0: Ball
2-0: SINGLE (Groundball, 34S, EV 72.5 MPH) (infield hit)
Batting: RHB Mike Manchester 0-0: Swinging Strike
0-1: Ball
1-1: Called Strike
1-2: Strikes out swinging
Batting: RHB Jeremy Giesler 0-0: Swinging Strike
0-1: Reached on error, E2 (Groundball, 15S, EV 73.1 MPH)
Riley Nasiir to third
Batting: RHB Edgar Castillo 0-0: Ball
1-0: Ball
2-0: Ball
3-0: Called Strike
3-1: Base on Balls
Batting: SHB Troy Kenyon 0-0: Foul Ball, location: 2F
0-1: Foul Ball, location: 2F
0-2: Ball
1-2: Ball
2-2: Foul Ball, location: 2F
2-2: Ball
3-2: DOUBLE (Groundball, 3L, EV 100.0 MPH)
Riley Nasiir scores
Jeremy Giesler scores
Edgar Castillo to third
Edgar Castillo scores
Batting: SHB Brian Bagley 0-0: Ground out U3 (Groundball, 34, EV 86.9 MPH)
Bottom of the 5th over - 3 runs, 2 hits, 1 error, 1 left on base; Indianapolis 0 - Gwinnett 11
TOP OF THE 6TH
Indianapolis Indians batting - Pitching for Gwinnett Braves : RHP Phil Feldscher
Batting: RHB Chris Pozzi 0-0: Ball
1-0: Swinging Strike
1-1: Foul Ball, location: 2F
1-2: Ball
2-2: Ball
3-2: Strikes out swinging
Batting: RHB Bubba Tierney 0-0: Ball
1-0: Ball
2-0: Ball
3-0: Called Strike
3-1: Base on Balls
Batting: LHB Phil DeCamp 0-0: Called Strike
Bubba Tierney steals 2nd, throwing error, E2
Bubba Tierney to third
0-1: Foul Ball, location: 2F
0-2: Ball
1-2: Ball
2-2: Ground out U3 (Groundball, 34, EV 96.9 MPH)
Bubba Tierney scores
Batting: RHB Dave Fredericks 0-0: Called Strike
0-1: Ball
1-1: SINGLE (Groundball, 4MD, EV 100.0 MPH)
Batting: RHB Hugo Zacarias 0-0: Called Strike
0-1: Foul Ball, location: 2F
0-2: Ball
1-2: Strikes out swinging
Top of the 6th over - 1 run, 1 hit, 1 error, 1 left on base; Indianapolis 1 - Gwinnett 11
BOTTOM OF THE 6TH
Gwinnett Braves batting - Pitching for Indianapolis Indians : RHP Shuuhei Watanabe
Batting: LHB Mark Buchholz 0-0: Swinging Strike
0-1: Ground out 4-3 (Groundball, 4, EV 86.9 MPH)
Batting: RHB Nate Taylor 0-0: Fly out, F9 (Flyball, 89S, EV 89.4 MPH)
Batting: LHB Chad Persaud 0-0: SINGLE (Flyball, 6D, EV 93.8 MPH)
Batting: RHB Riley Nasiir 0-0: Fielders Choice at 2nd, 6-4 (Groundball, 6, EV 103.8 MPH)
Bottom of the 6th over - 0 runs, 1 hit, 0 errors, 1 left on base; Indianapolis 1 - Gwinnett 11
TOP OF THE 7TH
Indianapolis Indians batting - Pitching for Gwinnett Braves : RHP Phil Feldscher
Batting: LHB Gregg Kellerman 0-0: Ball
1-0: Ball
2-0: Called Strike
2-1: Foul Ball, location: 2F
2-2: Fly out, F4 (Popup, 4M, EV 65.0 MPH)
Batting: RHB Hector Barajas 0-0: Called Strike
0-1: Called Strike
0-2: Ball
1-2: Ball
2-2: Strikes out swinging
Batting: RHB Nick Wicker 0-0: Ball
1-0: SINGLE (Groundball, 56D, EV 95.0 MPH)
Batting: LHB Donald Imre 0-0: Ball
Nick Wicker steals 2nd base (no throw)
1-0: Ball
2-0: Foul Ball, location: 2F
2-1: Called Strike
2-2: Strikes out swinging
Top of the 7th over - 0 runs, 1 hit, 0 errors, 1 left on base; Indianapolis 1 - Gwinnett 11
BOTTOM OF THE 7TH
Gwinnett Braves batting - Pitching for Indianapolis Indians : RHP Shuuhei Watanabe
Batting: RHB Mike Manchester 0-0: Called Strike
0-1: Foul Ball, location: 2F
0-2: Foul Ball, location: 2F
0-2: Ground out 5-3 (Groundball, 56, EV 86.2 MPH)
Batting: RHB Jeremy Giesler 0-0: SOLO HOME RUN (Flyball, 89XD, EV 99.4 MPH), Distance : 417 ft
Batting: RHB Edgar Castillo 0-0: Called Strike
0-1: Called Strike
0-2: Strikes out swinging
Batting: SHB Troy Kenyon 0-0: Foul Ball, location: 2F
0-1: Ball
1-1: Ball
2-1: Swinging Strike
2-2: Strikes out swinging
Bottom of the 7th over - 1 run, 1 hit, 0 errors, 0 left on base; Indianapolis 1 - Gwinnett 12
TOP OF THE 8TH
Indianapolis Indians batting - Pitching for Gwinnett Braves : RHP Phil Feldscher
Pitching: LHP Justin Sullins
Batting: RHB Chris Pozzi 0-0: Foul Ball, location: 2F
0-1: Fly out, F9 (Line Drive, 89M, EV 88.8 MPH)
Pinch Hitting: LHB Jorge Quintana 0-0: Ball
1-0: Fly out, F9 (Line Drive, 9S, EV 98.1 MPH)
Batting: LHB Phil DeCamp 0-0: Called Strike
0-1: Ball
1-1: Called Strike
1-2: Foul Ball, location: 2F
1-2: SINGLE (Line Drive, 78S, EV 88.1 MPH)
Batting: RHB Dave Fredericks 0-0: Called Strike
0-1: Called Strike
0-2: Ball
1-2: Foul Ball, location: 2F
1-2: Strikes out swinging
Top of the 8th over - 0 runs, 1 hit, 0 errors, 1 left on base; Indianapolis 1 - Gwinnett 12
BOTTOM OF THE 8TH
Gwinnett Braves batting - Pitching for Indianapolis Indians : RHP Shuuhei Watanabe
Now in CF: Jorge Quintana
Pinch Hitting: RHB Ivan Ramirez 0-0: Ball
1-0: SINGLE (Groundball, 56S, EV 63.8 MPH) (infield hit)
Pitching: RHP Mike Amos
Batting: LHB Mark Buchholz 0-0: Ball
1-0: Called Strike
1-1: Fly out, F7 (Flyball, 7, EV 84.4 MPH)
Batting: RHB Nate Taylor 0-0: Ball
1-0: Swinging Strike
1-1: Ball
2-1: Fielders Choice at 2nd, 5-4 (Groundball, 56S, EV 80.6 MPH)
Batting: LHB Chad Persaud 0-0: Ball
1-0: Ball
2-0: Foul Ball, location: 2F
2-1: Fly out, F7 (Line Drive, 7LS, EV 89.4 MPH)
Bottom of the 8th over - 0 runs, 1 hit, 0 errors, 1 left on base; Indianapolis 1 - Gwinnett 12
TOP OF THE 9TH
Indianapolis Indians batting - Pitching for Gwinnett Braves : LHP Justin Sullins
Now at 1B: Ivan Ramirez
Batting: RHB Hugo Zacarias 0-0: Fly out, F8 (Flyball, 8LS, EV 78.8 MPH)
Batting: LHB Gregg Kellerman 0-0: Ball
1-0: Ball
2-0: Ground out 4-3 (Groundball, 4, EV 88.8 MPH)
Batting: RHB Hector Barajas 0-0: SINGLE (Groundball, 4D, EV 96.2 MPH)
Batting: RHB Nick Wicker 0-0: Called Strike
0-1: Ball
1-1: Swinging Strike
1-2: Strikes out looking
Top of the 9th over - 0 runs, 1 hit, 0 errors, 1 left on base; Indianapolis 1 - Gwinnett 12
Sunday, July 16th , 2023 - OOTP Baseball 24.6 Build 69